 Dungeon Crawl Stone Soup version 0.25.0-1-g7eea58d (webtiles) character file.

Game seed: 1522437098131383550

49 jorbis the Chopper (level 3, 0/31 HPs)
             Began as a Hill Orc Skald on June 25, 2020.
             Killed from afar by Sigmund (7 damage)
             ... with a magic dart
             ... on level 2 of the Dungeon.
             The game lasted 00:06:07 (1887 turns).

jorbis the Chopper (Hill Orc Skald)                 Turns: 1887, Time: 00:06:08

Health: 0/31       AC:  3    Str: 13    XL:     3   Next: 77%
Magic:  3/5        EV: 11    Int: 14    God:
Gold:   74         SH:  0    Dex: 10    Spells: 4/5 levels left

rFire    . . .     SeeInvis .   a - +0 hand axe
rCold    . . .     Gourm    .   (no shield)
rNeg     . . .     Faith    .   b - +0 leather armour
rPois    .         Spirit   .   (no helmet)
rElec    .         Reflect  .   (no cloak)
rCorr    .         Harm     .   (no gloves)
MR       +....                  (no boots)
Stlth    +.........             (no amulet)
HPRegen  0.10/turn              u - ring of protection from magic
MPRegen  0.09/turn              (no ring)

@: infused
A: no striking features
a: no special abilities


You were on level 2 of the Dungeon.
You were not hungry.

You visited 1 branch of the dungeon, and saw 2 of its levels.

You collected 74 gold pieces.

Inventory:

Hand Weapons
 a - a +0 hand axe (weapon)
Missiles
 e - 13 arrows
 g - 5 boomerangs (quivered)
 k - 3 stones
 p - 15 bolts
 w - 27 sling bullets
Armour
 b - a +0 leather armour (worn)
Jewellery
 m - an uncursed ring of protection from cold
 u - a ring of protection from magic (left hand)
Scrolls
 c - 2 scrolls of identify {unknown}
 h - a scroll of enchant weapon {unknown}
 j - a scroll of teleportation {unknown}
 l - a scroll of random uselessness {unknown}
 o - a scroll of fog {unknown}
 q - a scroll of immolation {unknown}
 r - a scroll of enchant armour {unknown}
 s - 2 scrolls of blinking {unknown}
Potions
 f - a potion of haste {unknown}
 i - a potion of mutation {unknown}
 n - 2 potions of flight {unknown}
 v - a potion of resistance {unknown}
Comestibles
 d - 4 rations
 t - a chunk of flesh


   Skills:
 * Level 3.3 Fighting
 * Level 3.5 Axes
 + Level 1.6 Armour
 + Level 1.8 Dodging
 + Level 1.8 Spellcasting
 + Level 2.9 Charms


You had 4 spell levels left.
You knew the following spells:

 Your Spells              Type           Power        Failure   Level  Hunger
a - Infusion              Chrm           #...         10%         1    ##.....

Your spell library contained the following spells:

 Spells                   Type           Power        Failure   Level  Hunger
 Song of Slaying          Chrm           #.......     14%         2    ###....
 Shroud of Golubria       Chrm/Tloc      #.....       26%         2    ###....
 Ozocubu's Armour         Chrm/Ice       #.......     45%         3    ####...
 Spectral Weapon          Hex/Chrm       #.......     45%         3    ####...


Dungeon Overview and Level Annotations

Branches:
Dungeon (2/15)

Altars:

Annotations:
D:2 Sigmund


Message History

You closely miss Sigmund.
Sigmund is lightly wounded.
Sigmund gestures wildly while chanting.
Sigmund flickers and vanishes!
Deactivating autopickup; reactivate with Ctrl-A.
Casting: Infusion (safe; 10% risk of failure)
Confirm with . or Enter, or press ? or * to list all spells.
You begin infusing your attacks with magical energy.
Something barely misses you.
You miss something. Something hits you!
You barely miss something. Something hits you!
You hit something. You completely miss something. Something hits you.
You miss something. Something hits you!
* * * LOW HITPOINT WARNING * * *
You hear some strange, mumbled words.
Something tries to affect you, but you resist.
A magic dart appears from out of thin air!
The magic dart hits you!
You die...

#..#### #....# #
#..##### #....# #
##.....# ######
#####[## #..##.#
##....#
#...)########
#....)......###
#.....###.@...######
#............{#....#
###.............#
#.##.##.....###
...##...........
...#######......##
###. #......# #
######.# .#


There were no monsters in sight!

Vanquished Creatures
  An adder (D:2)
  An ooze (D:1)
  3 dart slugs
  A leopard gecko (D:2)
  A ball python (D:1)
  2 hobgoblins
  10 bats
  2 frilled lizards (D:1)
  4 goblins (D:1)
  3 kobolds (D:1)
  6 rats (D:1)
34 creatures vanquished.

Notes
Turn   | Place    | Note
-------+----------+-------------------------------------------
     0 | D:1      | jorbis the Hill Orc Skald began the quest for the Orb.
     0 | D:1      | Reached XP level 1. HP: 18/18 MP: 3/3
   184 | D:1      | Reached XP level 2. HP: 10/25 MP: 1/4
   985 | D:1      | Reached XP level 3. HP: 31/31 MP: 2/5
  1875 | D:2      | Noticed Sigmund
  1887 | D:2      | Killed from afar by Sigmund

Illustrated notes

Levels and vault maps discovered:
D:1:      dpeg_arrival_short_road, layout_basic, st_stairs_6
D:2:      layout_basic, uniq_sigmund, uniq_crazy_yiuf_cottage

Skill      XL: |  1  2 |
---------------+-------+-----
Axes           | 3 |  3.5
Fighting       | 3 |  3.3
Armour         | |  1.6
Dodging        | |  1.8
Spellcasting   | |  1.8
Charms         | |  2.9

Action                   || total
-------------------------++-------
Melee: Hand axe          ||   107
 Cast: Infusion          ||    11
  Eat: Chunk             ||     3
Armor: Leather armour    ||    33
Dodge: Dodged            ||    76
